 Dungeon Crawl Stone Soup version 0.30-a0-721-ga6a225cb13 (webtiles) character file.

Game seed: 10288002393743796056

9422 Armakuni the Fighter (level 11, -1/99 HPs)
             Began as a Black Draconian Monk on Jan 27, 2023.
             Was a High Priest of the Shining One.
             Slain by a yak (14 damage)
             ... on level 11 of the Dungeon.
             The game lasted 00:28:34 (7935 turns).

Armakuni the Fighter (Black Draconian Monk)         Turns: 7935, Time: 00:28:35

Health: -1/99      AC:  9    Str: 20    XL:     11   Next: 22%
Magic:  17/17      EV: 17    Int: 15    God:    the Shining One [*****.]
Gold:   654        SH:  0    Dex: 19    Spells: 10/10 levels left

rFire   . . .      SeeInvis .      - Unarmed
rCold   . . .      Faith    .    (no shield)
rNeg    + + .      Spirit   .    (body armour unavailable)
rPois   .          Reflect  .    (helmet restricted)
rElec   +          Harm     .    y - +0 cloak
rCorr   .          Rampage  .    d - +0 pair of gloves
Will    .....                    (no boots)
Stlth   +                        (no amulet)
HPRegen 0.36/turn                D - +6 ring of dexterity
MPRegen 0.15/turn                V - +6 ring of strength

@: lethally poisoned (-1 -> -6), glowing
A: breathe lightning, AC +7, unfitting armour, electricity resistance,
cold-blooded
a: Breathe Lightning, Renounce Religion, Divine Shield, Cleansing Flame, Summon
Divine Warrior


You were on level 11 of the Dungeon.
You worshipped the Shining One.
The Shining One was extremely pleased with you.
You visited 3 branches of the dungeon, and saw 13 of its levels.

You collected 654 gold pieces.

Inventory:

Hand Weapons
 b - the +9 spear "Pypov" {flame, rPois Stlth+}
   (You took it off a hobgoblin on level 2 of the Dungeon)

   rPois:     It protects you from poison.
   Stlth:     It makes you more stealthy.
Missiles
 f - a throwing net (quivered)
 u - a curare-tipped dart
Armour
 d - a +0 pair of gloves (worn)
 y - a +0 cloak (worn)
Jewellery
 D - a +6 ring of dexterity (left hand)
 E - an amulet of guardian spirit
 V - a +6 ring of strength (right hand)
 W - a ring of wizardry
Wands
 r - a wand of roots (6)
 s - a wand of quicksilver (7)
 v - a wand of flame (17)
Scrolls
 a - a scroll of identify
 e - 2 scrolls of fog
 h - 5 scrolls of vulnerability
 j - 2 scrolls of magic mapping
 l - 2 scrolls of teleportation
 m - a scroll of blinking
 o - 2 scrolls of poison
 t - 5 scrolls of noise
 z - a scroll of enchant weapon
Potions
 c - 4 potions of mutation {unknown}
 g - a potion of flight {unknown}
 i - 2 potions of curing
 k - 2 potions of haste
 n - a potion of might {unknown}
 p - a potion of heal wounds
 q - 3 potions of cancellation {unknown}
 w - a potion of resistance
 x - a potion of brilliance {unknown}
 A - 2 potions of berserk rage {unknown}
 B - a potion of attraction {unknown}
 C - a potion of lignification {unknown}


   Skills:
 - Level 10.0 Fighting
 + Level 8.0 Dodging
 - Level 1.7 Stealth
 - Level 10.0 Unarmed Combat
 + Level 8.9 Invocations
 - Level 4.0 Evocations


You had 10 spell levels left.
You didn't know any spells.
Your spell library contained the following spells:

 Spells                   Type           Power      Damage    Failure   Level
 Magic Dart               Conj           0%         1d3       26%         1
 Ensorcelled Hibernation  Hex/Ice        0%         N/A       38%         2
 Passwall                 Tmut/Erth      0%         N/A       38%         2
 Searing Ray              Conj           0%         2d4       38%         2
 Swiftness                Air            0%         N/A       63%         3
 Fulminant Prism          Conj/Hex       0%         3d5       95%         4
 Freezing Cloud           Conj/Ice/Air   0%         6-21      100%        5
 Simulacrum               Ice/Necr       0%         N/A       100%        6
 Polar Vortex             Ice            0%         N/A       100%        9


Dungeon Overview and Level Annotations

Branches:
Dungeon (11/15)            Temple (1/1) D:4            Lair (1/5) D:10
    Orc: D:9-12

Altars:
Ashenzari
Cheibriados
Dithmenos
Elyvilon
Fedhas
Gozag
Hepliaklqana
Kikubaaqudgha
Makhleb
Nemelex Xobeh
Okawaru
Qazlal
Ru
Sif Muna
Trog
Uskayaw
Vehumet
Wu Jian
Xom
Yredelemnul
Zin
The Shining One

Shops:
D:6 :

Annotations:
D:10 exclusion: orange crystal statue


Innate Abilities, Weirdness & Mutations

You can breathe wild blasts of lightning.
Your glossy black scales are hard. (AC +7)
You cannot fit into any form of body armour.
You are resistant to electric shocks. (rElec)
You are cold-blooded and may be slowed by cold attacks.


Message History

The orc closely misses you. The orc priest closely misses you.
The yak gores you!
The orc warrior hits you with a +0 halberd.
* * * LOW HITPOINT WARNING * * *
You hit the orc warrior but do no damage.
The orc warrior is almost dead.
You punch the orc warrior!
You kill the orc warrior!
The orc hits you from afar with a +0 trident of venom.
* * * LOW HITPOINT WARNING * * *
You are poisoned.
The orc priest hits you with a +0 whip.
* * * LOW HITPOINT WARNING * * *
The yak gores you.
* * * LOW HITPOINT WARNING * * *
You can't do that yet.
Unknown command.
You punch the orc priest!
You kill the orc priest!
The Shining One accepts your kill.
You can now summon a divine warrior.
You feel better.
You feel sick. The yak closely misses you.
The orc hits you from afar with a +0 trident of venom.
* * * LOW HITPOINT WARNING * * *
You are more poisoned.
The yak attacks as you move away! The yak misses you.
You feel very sick.
Okay, then.
You have got your breath back.
You feel very sick.
Aiming: Fastroot
Press: ? - help, Shift-Dir - straight line, f - orc
Aim: an orc, wielding a +0 trident of venom and wearing a +0 kite shield (haloed)
The roots erupt in riotous growth!
Roots grab the orc.
Roots grab the yak.
The grasping roots constrict the yak.
The grasping roots constrict the orc!
You kill the orc!
You feel sick.
You hear an angry hiss.
The yak gores you!
You die...

..'....#.......###'##........
..#....'............+........
###....##########..##########
................#..#........
................#..'........
................####........
........)...................
..##'###+#####'#....########
..+......+.....#@...#......# .
..#......#.....#Y)..#......# .
..##.##.###.####†)..##....# ####Y
####.##.#####...o#####....###.#..
............#....'.)oYo.......#..
............+....#..o.o.......#..
............#....#...........[#.#
#+###'####.##....#..####..###.l.#
........####.....#'## #..# #...#


You could see a yak (rooted) and an orc.

Vanquished Creatures
  A two-headed ogre (D:10)
  Maurice (D:8)
  2 cane toads (D:10)
  2 kobold demonologists (D:9)
  A troll (D:11)
  A shadow (D:10)
  Sigmund (D:5)
  5 yaks (D:8)
  5 wraiths
  A steam dragon (D:6)
  3 vampire mosquitoes (D:11)
  Menkaure (D:4)
  Edmund (D:4)
  An acid dragon (D:11)
  A water moccasin (D:6)
  3 ice beasts
  A sky beast (D:8)
  8 orc warriors
  2 black bears
  3 centaurs
  A phantom (D:6)
  2 bullfrogs
  3 kobold brigands
  A gnoll sergeant (D:10)
  2 necrophages
  6 scorpions
  12 wights
  9 howler monkeys
  3 hounds
  5 jellies
  4 orc priests
  2 iguanas (D:6)
  Ijyb (D:4)
  10 orc wizards
  5 adders
  16 gnolls
  2 shadow imps
  2 ufetubi
  3 dart slugs
  42 orcs
  8 bats
  2 endoplasms
  4 giant cockroaches (D:1)
  3 goblins
  7 hobgoblins
  6 jackals
  19 kobolds
  2 quokkas
  6 ball pythons
  4 frilled lizards
  4 rats
240 creatures vanquished.

Vanquished Creatures (others)
  An orc (D:6)
1 creature vanquished.

Grand Total: 241 creatures vanquished

Notes
Turn   | Place    | Note
-------+----------+-------------------------------------------
     0 | D:1      | Armakuni the Draconian Monk began the quest for the Orb.
     0 | D:1      | Reached XP level 1. HP: 19/19 MP: 1/1
   247 | D:1      | Reached XP level 2. HP: 26/26 MP: 2/2
   912 | D:2      | Reached XP level 3. HP: 23/31 MP: 3/3
  1023 | D:2      | Identified the +9 spear "Pypov" {flame, rPois Stlth+}
  1267 | D:3      | Reached skill level 5 in Unarmed Combat
  1267 | D:3      | Reached XP level 4. HP: 36/38 MP: 4/4
  1500 | D:3      | Reached XP level 5. HP: 40/45 MP: 5/5
  1642 | D:4      | Noticed Ijyb
  1652 | D:4      | Killed Ijyb
  1887 | D:5      | Entered Level 5 of the Dungeon
  1939 | D:5      | Reached XP level 6. HP: 47/51 MP: 6/6
  1956 | D:4      | Noticed Menkaure
  1961 | D:4      | Found a staircase to the Ecumenical Temple.
  1974 | D:4      | Killed Menkaure
  2007 | Temple   | Entered the Ecumenical Temple
  2015 | Temple   | Became a worshipper of the Shining One
  2015 | Temple   | Reached * piety under the Shining One
  2015 | Temple   | Reached ** piety under the Shining One
  2137 | D:4      | Reached skill level 1 in Invocations
  2295 | D:4      | Your scales start taking on a glossy black colour.
  2295 | D:4      | Reached XP level 7. HP: 40/57 MP: 6/8
  2295 | D:4      | Gained mutation: You are resistant to electric shocks.
                  | (rElec) [Black Draconian growth]
  2365 | D:5      | Noticed Edmund
  2391 | D:4      | Killed Edmund
  2426 | D:5      | Noticed Sigmund
  2594 | D:5      | Killed Sigmund
  2595 | D:5      | Reached skill level 5 in Fighting
  2615 | D:5      | Reached XP level 8. HP: 45/70 MP: 10/10
  3040 | D:6      | Found a white marble altar of Elyvilon.
  3070 | D:6      | Found Vosiemp's Tremendous Tomes.
  3559 | D:6      | Reached XP level 9. HP: 52/85 MP: 11/11
  3851 | D:6      | Reached skill level 10 in Fighting
  3914 | D:7      | Identified the +5 mace "Giantslayer" {flame, rF+ Dex+6}
  4086 | D:7      | Reached *** piety under the Shining One
  4343 | D:7      | Found a bloodstained altar of Trog.
  4605 | D:8      | Noticed Maurice
  4627 | D:8      | Killed Maurice
  4628 | D:8      | Reached skill level 10 in Unarmed Combat
  4727 | D:8      | Reached XP level 10. HP: 67/93 MP: 12/12
  4815 | D:8      | Reached skill level 5 in Dodging
  4816 | D:8      | Reached skill level 5 in Invocations
  5092 | D:8      | Reached **** piety under the Shining One
  6048 | D:9      | Found a shimmering altar of Xom.
  6048 | D:9      | Noticed an angel
  6050 | D:9      | Found a glowing silver altar of Zin.
  6169 | D:10     | Entered Level 10 of the Dungeon
  6457 | D:10     | Noticed a two-headed ogre
  6461 | D:10     | Noticed an orange crystal statue
  6465 | D:10     | Killed a two-headed ogre
  6500 | D:10     | Found a staircase to the Lair.
  6541 | D:10     | Identified the +1 rapier "Ufozim" {antimagic, *Corrode
                  | rElec SInv Stlth+}
  6698 | D:10     | Noticed a gargoyle
  6824 | D:10     | Reached XP level 11. HP: 25/99 MP: 15/17
  7295 | Lair:1   | Entered Level 1 of the Lair of Beasts
  7296 | Lair:1   | Reached ***** piety under the Shining One
  7302 | Lair:1   | Noticed a death yak
  7302 | Lair:1   | Noticed a death yak
  7303 | Lair:1   | Noticed a death yak
  7311 | D:10     | HP: 3/99 [poisoned by a cane toad]
  7935 | D:11     | Slain by a yak

Illustrated notes

Levels and vault maps discovered:
D:1:      sevenhm_arrival_forest_fort_small_4, layout_basic,
          minmay_misc_feat_secret_circle
D:2:      layout_loops_cross
D:3:      layout_rooms, cheibrodos_gnoll_hut
D:4:      layout_basic, minmay_temple_entry_slanted, uniq_menkaure, uniq_ijyb
D:5:      layout_rooms, uniq_sigmund, uniq_edmund
D:6:      minmay_inner_zag, layout_cave_pools, kennysheep_mini_moat,
          serial_column_ruins, column_ruins_open_small_water,
          column_ruins_open_small, column_ruins_columns_straight,
          column_ruins_open_medium_water, column_ruins_open_tiny,
          nicolae_shop_i_like_big_books
D:7:      layout_gridville, trog_butcher_becter
D:8:      layout_basic, uniq_maurice
D:9:      layout_loops_ring, grunt_temple_overflow_order_and_chaos_1
D:10:     layout_cave_pods, lair_entry_dummy, minivault_16, lemuel_flame_loot_1
D:11:     minmay_evil_eye, layout_gridville, kb_lookout_dungeons_type
Temple:   nicolae_temple_no_exploring_needed
Lair:1:   gammafunk_cloud_chamber, layout_concentric_octagons,
          infiniplex_staircase_pool

Skill      XL: |  1  2  3  4  5  6  7  8  9 10 11 |
---------------+----------------------------------+-----
Unarmed Combat | 4 5 7 10 | 10.0
Evocations     | 3 4 |  4.0
Invocations    | 2 3 8 |  8.9
Fighting       | 5 9 10 | 10.0
Dodging        | 4 7 8 |  8.0
Stealth        | |  1.7

Action                     |  1- 3 |  4- 6 |  7- 9 | 10-12 || total
---------------------------+-------+-------+-------+-------++-------
  Melee: Unarmed           |   102 |       |       |    31 ||   133
         Tailslap          |     9 |     8 |    28 |    45 ||    90
         Punch             |     2 |       |    11 |    18 ||    31
         Spear             |    14 |    87 |   228 |   187 ||   516
  Throw: Throwing net      |     1 |       |       |     3 ||     4
 Invoke: Divine Shield     |       |       |       |     1 ||     1
Ability: Breathe Lightning |       |       |     4 |     7 ||    11
  Evoke: Wand              |       |       |    18 |     9 ||    27
    Use: Scroll            |       |       |    10 |     4 ||    14
         Potion            |       |       |     1 |     4 ||     5
   Stab: Sleeping          |     3 |     3 |       |       ||     6
 Armour: Skin              |    33 |    19 |    55 |    99 ||   206
  Dodge: Dodged            |    69 |    42 |   120 |   321 ||   552
  Block: Other             |       |       |       |     7 ||     7

Table legend: (Time is in decaauts)
 A = Elapsed time spent in this place.
 B = Non-inter-level travel time spent in this place.
 C = Inter-level travel time spent in this place.
 D = Time resting spent in this place.
 E = Time spent auto-exploring this place.
 F = Levels seen in this place.
 G = Mean time per level.
                   A        B        C        D        E       F      G
               +--------+--------+--------+--------+--------+-----+--------+
         Total |   8041 |   7453 |    588 |    859 |   2310 |  13 |  618.5 |
       Dungeon |   8016 |   7428 |    588 |    859 |   2310 |  11 |  728.7 |
        Temple |     20 |     20 |      0 |      0 |      0 |   1 |   20.0 |
          Lair |      4 |      4 |      0 |      0 |      0 |   1 |    4.0 |
               +--------+--------+--------+--------+--------+-----+--------+

Top non-repeatable levels by time:
    D:10: 1455 daAuts
     D:8: 1067 daAuts
     D:6: 952 daAuts
     D:4: 710 daAuts
     D:9: 674 daAuts
     D:1: 640 daAuts
     D:2: 591 daAuts
     D:7: 580 daAuts
     D:3: 498 daAuts
     D:5: 493 daAuts
    D:11: 352 daAuts
  Temple: 20 daAuts
  Lair:1: 4 daAuts
